 Dungeon Crawl Stone Soup version 0.32-a0-597-g8e3e136d6a (webtiles) character file.

Game seed: 9301760289477969566

277 dolemite99 the Charlatan (level 6, -3/43 HPs)
             Began as a Coglin Hexslinger on Mar 2, 2024.
             Was an Initiate of Sif Muna.
             Slain by a gnoll sergeant
             ... wielding a +4 spear of freezing
              (8 damage)
             ... on level 5 of the Dungeon.
             The game lasted 00:06:36 (5573 turns).

dolemite99 the Charlatan (Coglin Hexslinger)        Turns: 5573, Time: 00:06:37

Health: -3/43      AC:  5    Str: 11    XL:     6   Next: 26%
Magic:  4/7        EV: 12    Int: 12    God:    Sif Muna [......]
Gold:   102        SH:  0    Dex: 16    Spells: 1/7 levels left

rFire   . . .        a - +1 sling (chaos) {Cortez}
rCold   . . .        o - +0 sling {Ulrike}
rNeg    . . .        c - +0 robe
rPois   .            (no helmet)
rElec   .            (no cloak)
rCorr   .            j - +1 pair of gloves
SInv    .            p - +0 pair of boots
Will    .....        (amulet unavailable)
Stlth   +            (ring unavailable)
HPRegen 0.27/turn    (ring unavailable)
MPRegen 0.10/turn    (no gizmo)

%: no passive effects
@: attractive, revved
A: off-hand wielding, slow wielding, warmup strikes, no jewellery
a: Invent Gizmo, Renounce Religion


You were on level 5 of the Dungeon.
You worshipped Sif Muna.
Sif Muna was noncommittal.
You visited 1 branch of the dungeon, and saw 5 of its levels.

You collected 329 gold pieces.
You spent 227 gold pieces at shops.

Inventory:

Hand Weapons
 a - a +1 sling of chaos (weapon) {Cortez}
 o - a +0 sling (offhand) {Ulrike}
 r - the +2 spear "Imyodduig" {chaos, rPois rN+}
   (You found it on level 4 of the Dungeon)

   rPois:     It protects you from poison.
   rN+:       It protects you from negative energy.
Armour
 c - a +0 robe (worn)
 j - a +1 pair of gloves (worn)
 p - a +0 pair of boots (worn)
Magical Staves
 n - a staff of alchemy
Wands
 l - a wand of flame (11)
 m - a wand of warping (5)
Scrolls
 b - a scroll of poison
 h - 2 scrolls of silence
 i - 2 scrolls of blinking
Potions
 d - a potion of haste {unknown}
 e - a potion of berserk rage
 f - a potion of attraction
 g - 2 potions of heal wounds {unknown}
 k - 2 potions of curing {unknown}


   Skills:
 - Level 1.0 Fighting
 - Level 4.6 Ranged Weapons
 - Level 1.7 Dodging
 - Level 1.0 Spellcasting
 - Level 2.6 Hexes
 - Level 0.8 Fire Magic
 + Level 4.8 Evocations


You had one spell level left.
You knew the following spells:

 Your Spells              Type           Power      Damage    Failure   Level
a - Slow                  Hex            28%        N/A       10%         1
b - Sigil of Binding      Hex            7%         N/A       30%         3
c - Jinxbite              Hex            14%        N/A       16%         2

Your spell library contained the following spells:

 Spells                   Type           Power      Damage    Failure   Level
 Confusing Touch          Hex            7%         N/A       30%         3
 Inner Flame              Hex/Fire       4%         N/A       41%         3
 Vampiric Draining        Necr           0%         2d6       65%         3
 Cause Fear               Hex            3%         N/A       69%         4
 Dimensional Bullseye     Hex/Tloc       1%         N/A       86%         4


Dungeon Overview and Level Annotations

Branches:
Dungeon (5/15)             Temple (0/1) D:5

Altars:
Hepliaklqana
Sif Muna

Shops:
D:3 *((

Annotations:
D:3 3 runed translucent doors, demibob's ghost, amateur MDFi
D:4 exclusion: downstairs


Innate Abilities, Weirdness & Mutations

You can wield a second weapon in your off-hand.
It takes a long time for you to wield or remove held weapons.
Your first few attacks do less damage.
You cannot equip rings or amulets.


Message History

Aim: a gnoll sergeant, wielding a +4 spear of freezing and wearing a +0 ring mail (68% to hit)
You shoot a sling bullet.
The sling bullet hits the gnoll sergeant!
The gnoll sergeant is moderately wounded.
You shoot a sling bullet.
The sling bullet hits the gnoll sergeant.
The gnoll sergeant suddenly seems more resistant.
The gnoll sergeant is heavily wounded.
The gnoll sergeant hits you from afar with a +4 spear of freezing!
The gnoll sergeant freezes you.
Fire: a) +1 sling (chaos) {Cortez}
Press: ? - help, Q - select action, (/) - cycle Shift-Dir - straight line, f/p - gnoll sergeant
Aim: a gnoll sergeant, wielding a +4 spear of freezing and wearing a +0 ring mail (heavily wounded, unusually resistant, 68% to hit)
You shoot a sling bullet.
The sling bullet hits the gnoll sergeant.
The gnoll sergeant is heavily wounded.
You shoot a sling bullet.
The sling bullet barely misses the gnoll sergeant.
The gnoll sergeant hits you from afar with a +4 spear of freezing!
* * * LOW HITPOINT WARNING * * *
The gnoll sergeant freezes you.
* * * LOW HITPOINT WARNING * * *
The gnoll sergeant barely misses you.
Your magical contamination has completely faded away.
Fire: a) +1 sling (chaos) {Cortez}
Press: ? - help, Q - select action, (/) - cycle Shift-Dir - straight line, f/p - gnoll sergeant
Aim: a gnoll sergeant, wielding a +4 spear of freezing and wearing a +0 ring mail (heavily wounded, unusually resistant, 68% to hit)
You shoot a sling bullet.
The sling bullet hits the gnoll sergeant but does no damage.
The acid corrodes the gnoll sergeant!
The gnoll sergeant is heavily wounded.
You shoot a sling bullet.
The sling bullet hits the gnoll sergeant.
The gnoll sergeant is almost dead.
A dart slug comes into view.
The gnoll sergeant barely misses you.
It was a potion of attraction.
You feel attractive to monsters.
The gnoll sergeant hits you from afar with a +4 spear of freezing!
You die...

... #
#.#... ..
.# .#.. ..#
###.# #
.#.. .⌠.#
....#.#
..###...#
.......
.........
....#
###).⌠..>..
##..#
#@.g)......
#<#
###w###...
#D#
#.......#
..#
#.......#
...#
#.........
.....
#......####
.....#
#......#
.......
#......#
......##
#......#


You could see a gnoll sergeant (resistant, corroded) and a dart slug.

Vanquished Creatures
  A scorpion (D:4)
  2 jellies
  An iguana (D:4)
  5 gnolls
  An adder (D:2)
  3 dart slugs
  A ribbon worm (D:3)
  2 orcs (D:3)
  6 giant cockroaches
  7 goblins
  5 hobgoblins
  2 quokkas
  6 ball pythons
  4 bats
  3 frilled lizards
  5 kobolds
  3 rats
57 creatures vanquished.

Vanquished Creatures (collateral kills)
  A gnoll (D:5)
1 creature vanquished.

Vanquished Creatures (others)
  A gnoll zombie (D:5)
1 creature vanquished.

Grand Total: 59 creatures vanquished

Notes
Turn   | Place    | Note
-------+----------+-------------------------------------------
     0 | D:1      | dolemite99 the Coglin Hexslinger began the quest for the
                  | Orb.
     0 | D:1      | Reached XP level 1. HP: 15/15 MP: 2/2
   132 | D:1      | Reached XP level 2. HP: 21/21 MP: 3/3
   601 | D:2      | Reached XP level 3. HP: 26/26 MP: 4/4
  1189 | D:2      | Reached XP level 4. HP: 10/32 MP: 5/5
  1647 | D:3      | Found a shimmering blue altar of Sif Muna.
  1857 | D:3      | Learned a level 2 spell: Jinxbite
  1861 | D:3      | Learned a level 3 spell: Sigil of Binding
  2417 | D:2      | Found a faded altar of an unknown god.
  2651 | D:2      | Reached XP level 5. HP: 37/37 MP: 6/6
  2708 | D:3      | Became a worshipper of Sif Muna the Loreminder
  2746 | D:3      | Found Woufoklo's General Store.
  2752 | D:3      | Bought a scroll of blinking for 105 gold pieces
  2827 | D:3      | Found Coituaj's Weapon Shop.
  2921 | D:3      | Bought a wand of flame (11) for 107 gold pieces
  2958 | D:3      | Found Ysemofu's Weapon Shoppe.
  2965 | D:3      | Bought a +0 sling for 15 gold pieces
  3086 | D:3      | Found a runed translucent gate.
  3086 | D:3      | Found a runed translucent gate.
  3086 | D:3      | Found a runed translucent gate.
  3088 | D:3      | Noticed demibob's ghost (amateur MDFi)
  3089 | D:3      | Noticed a kobold brigand
  3446 | D:3      | Found a hazy altar of Hepliaklqana.
  3448 | D:3      | Found a faded altar of an unknown god.
  3814 | D:4      | Identified the +2 spear "Imyodduig" {chaos, rPois rN+}
  3826 | D:4      | Learned a level 1 spell: Slow
  4534 | D:5      | Entered Level 5 of the Dungeon
  4548 | D:5      | Noticed an ogre
  4564 | D:4      | Reached XP level 6. HP: 43/43 MP: 4/7
  4718 | D:5      | Noticed an acid dragon
  4874 | D:5      | Found a staircase to the Ecumenical Temple.
  5263 | D:5      | Noticed a water moccasin
  5573 | D:5      | Slain by a gnoll sergeant

Illustrated notes

Levels and vault maps discovered:
D:1:      dpeg_arrival_solitude, layout_loops_ring
D:2:      layout_rooms, shapermc_ecumenical_altar_acropolis, minivault_5
D:3:      layout_loops_ring, beargit_hepliaklqana_dungeon_heroes,
          nicolae_sif_muna_condensation, serial_shops, nicolae_shop_statue_plus,
          nicolae_shop_hallway_stairs, nicolae_shop_bloodbath_and_beyond,
          gammafunk_ghost_nasty_kobolds, hangedman_decor_peaks_small,
          palyth_stone_intersect, minmay_misc_feat_plants
D:4:      layout_basic, serial_bayou_crossing
D:5:      layout_basic, slow_altar_2, minmay_temple_entry_junction_2,
          portal_sewer_entry_e

Skill      XL: |  1  2  3  4  5 |
---------------+----------------+-----
Ranged Weapons | 2 3 4 |  4.6
Evocations     | 4 |  4.8
Fighting       | |  1.0
Dodging        | |  1.7
Spellcasting   | |  1.0
Hexes          | |  2.6
Fire Magic     | |  0.8

Action                     |  1- 3 |  4- 6 || total
---------------------------+-------+-------++-------
  Melee: Sling             |       |     1 ||     1
   Fire: Sling             |   130 |   242 ||   372
   Cast: Slow              |       |     6 ||     6
    Use: Scroll            |       |     9 ||     9
         Potion            |       |     2 ||     2
 Armour: Robe              |     9 |    39 ||    48
  Dodge: Dodged            |    15 |    36 ||    51

Table legend: (Time is in decaauts)
 A = Elapsed time spent in this place.
 B = Non-inter-level travel time spent in this place.
 C = Inter-level travel time spent in this place.
 D = Time resting spent in this place.
 E = Time spent auto-exploring this place.
 F = Levels seen in this place.
 G = Mean time per level.
                   A        B        C        D        E       F      G
               +--------+--------+--------+--------+--------+-----+--------+
         Total |   5630 |   5328 |    302 |   2380 |   2358 |   5 | 1126.0 |
       Dungeon |   5630 |   5328 |    302 |   2380 |   2358 |   5 | 1126.0 |
               +--------+--------+--------+--------+--------+-----+--------+

Top non-repeatable levels by time:
     D:4: 1952 daAuts
     D:3: 1360 daAuts
     D:1: 1130 daAuts
     D:2: 1116 daAuts
     D:5: 71 daAuts
